AoeStats
← MyGO.Soyo

Black Forest

509308466Analyzed
4v4 RM · 6d ago on Sep 26, 2026· 66m 5s· 8 players
Game mode
Random Map
Map size
Large (8 player)
Population
200
Speed
Normal
Resources
Standard
Victory
Conquest
Starting age
Dark Age
Ending age
Imperial Age
RankedLock teamsTeams togetherTeam positionsShared explorationLock speedFull tech treeHidden civsTurbo modeCheats
Victory
Defeat
🇪🇸 Aztecs · Spain
1194
+16
🇺🇿 Saxons · Uzbekistan
1177
+16
🇷🇴 Danes · Romania
1123
+19
🇮🇱 Khmer · Israel
1118
+19
🇹🇼 Magyars · Taiwan
1239
-20
1204
-18
🇨🇳 Romans · China
1191
-18
🇨🇭 Cumans · Switzerland
1100
-14
Mike
7:13 Loom
11:23 Feudal Age
15:21 Castle Age
13:58 Double-Bit Axe
14:19 Horse Collar
17:23 Bow Saw
20:33 Heavy Plow
22:05 Wheelbarrow
22:32 Gold Mining
24:15 Gold Shaft Mining
23:31 Stone Mining
24:06 Hand Cart
25:23 Stone Shaft Mining
24:58 Scale Barding Armor
29:51 Imperial Age
28:42 Bloodlines
28:32 Husbandry
28:53 Chain Barding Armor
28:52 Forging
28:56 Light Cavalry
31:25 Plate Barding Armor
31:26 Iron Casting
30:26 Hussar
33:28 Double Crossbow
33:52 Conscription
35:04 Town Watch
36:05 Elite Ballista Elephant
38:13 Blast Furnace
37:10 Onager
38:53 Ballistics
39:33 Chemistry
43:21 Siege Engineers
58:52 Caravan
59:23 Crop Rotation
.::Azaghast::.
11:33 Feudal Age
11:52 Feudal Age
10:11 Loom
16:31 Castle Age
14:18 Horse Collar
14:26 Double-Bit Axe
16:34 Wheelbarrow
15:45 Town Watch
20:15 Bow Saw
20:44 Heavy Plow
21:17 Hand Cart
24:48 Stone Mining
24:48 Gold Mining
26:49 Town Patrol
27:54 Gold Shaft Mining
27:54 Stone Shaft Mining
27:54 Gold Shaft Mining
33:24 Imperial Age
31:23 Ballistics
32:02 Caravan
33:11 Scale Mail Armor
33:21 Forging
33:25 Northmen's Fury
34:26 Conscription
33:32 Onager
33:38 Heavy Scorpion
35:00 Siege Onager
35:58 Pikeman
36:39 Squires
39:12 Coinage
38:28 Halberdier
39:39 Siege Engineers
40:32 Capped Ram
42:15 Chemistry
42:27 Siege Ram
43:26 Fletching
47:24 Bodkin Arrow
48:46 Chain Mail Armor
49:06 Iron Casting
50:12 Bracer
51:04 Plate Mail Armor
57:07 Blast Furnace
franchi_mg
0:34 Loom
12:29 Feudal Age
15:40 Double-Bit Axe
17:59 Castle Age
16:23 Horse Collar
17:13 Stone Mining
17:14 Gold Mining
18:50 Bow Saw
19:28 Squires
21:16 Wheelbarrow
24:13 Town Watch
31:34 Imperial Age
29:40 Scale Mail Armor
29:51 Forging
30:24 Heavy Plow
31:13 Fortified Wall
31:26 Squires
31:11 Arson
32:30 Hand Cart
32:50 Conscription
33:35 Gold Shaft Mining
33:30 Ballistics
34:14 Chemistry
33:11 Murder Holes
34:30 Chain Mail Armor
34:50 Iron Casting
34:20 Elite Jaguar Warrior
36:55 Garland Wars
37:10 Plate Mail Armor
36:32 Fletching
37:25 Stone Shaft Mining
39:34 Blast Furnace
38:29 Bodkin Arrow
38:20 Eagle Warrior
38:59 Elite Eagle Warrior
40:19 Crop Rotation
39:53 Pikeman
43:45 Town Patrol
44:43 Caravan
47:14 Onager
53:04 Treadmill Crane
57:12 Gambesons
56:48 Man-at-Arms
57:33 Long Swordsman
58:24 Two-Handed Swordsman
59:17 Champion
62:40 Treadmill Crane
65:05 Bracer
karbid
10:04 Feudal Age
15:21 Castle Age
13:43 Loom
13:49 Double-Bit Axe
15:16 Wheelbarrow
18:14 Town Watch
18:20 Double-Bit Axe
22:10 Horse Collar
28:29 Fortified Wall
29:11 Hand Cart
33:56 Imperial Age
31:46 Squires
33:36 Ballistics
33:29 Forging
33:19 Scale Mail Armor
33:08 Arson
33:08 Gambesons
32:47 Pikeman
33:21 Man-at-Arms
34:06 Caravan
34:12 Shield Wall
35:32 Iron Casting
35:13 Chain Mail Armor
34:56 Elite Varangian Guard
36:05 Bow Saw
35:57 Heavy Plow
36:13 Gold Mining
39:04 Plate Mail Armor
38:58 Halberdier
41:43 Chemistry
44:07 Conscription
43:59 Masonry
44:26 Hoardings
43:45 Fletching
45:29 Siege Engineers
46:32 Two-Man Saw
46:05 Crop Rotation
47:52 Hoardings
47:49 Architecture
47:15 Murder Holes
48:26 Long Swordsman
50:13 Two-Handed Swordsman
51:56 Onager
52:47 Champion
53:36 Bodkin Arrow
55:13 Bracer
TigerBitePig
11:28 Feudal Age
12:23 Loom
16:21 Castle Age
15:06 Double-Bit Axe
15:03 Horse Collar
23:16 Bow Saw
23:09 Heavy Plow
24:47 Wheelbarrow
26:29 Gold Mining
27:10 Hand Cart
31:03 Imperial Age
29:11 Fletching
29:22 Padded Archer Armor
30:06 Stone Mining
30:51 Gold Shaft Mining
30:47 Thumb Ring
30:42 Bodkin Arrow
31:03 Leather Archer Armor
31:12 Heavy Cavalry Archer
32:54 Crop Rotation
33:30 Two-Man Saw
33:24 Bloodlines
33:15 Husbandry
33:18 Bracer
34:01 Parthian Tactics
34:26 Ring Archer Armor
34:38 Scale Barding Armor
34:44 Recurve Bow
35:04 Conscription
34:46 Corvinian Army
36:14 Chain Barding Armor
35:18 Elite Magyar Huszar
37:32 Plate Barding Armor
38:13 Chemistry
37:33 Ballistics
40:17 Hoardings
47:09 Siege Engineers
46:44 Treadmill Crane
47:15 Masonry
59:26 Caravan
59:56 Coinage
63:13 Banking
Lord Frank
10:26 Feudal Age
11:13 Double-Bit Axe
13:59 Horse Collar
15:11 Wheelbarrow
21:46 Castle Age
20:07 Gold Mining
22:54 Bow Saw
22:50 Heavy Plow
28:17 Imperial Age
26:08 Hand Cart
27:00 Forging
26:56 Scale Barding Armor
27:44 Gold Shaft Mining
28:59 Iron Casting
28:47 Loom
28:48 Town Watch
29:24 Bloodlines
28:35 Cavalier
29:49 Onager
31:21 Chain Barding Armor
33:17 Blast Furnace
34:04 Plate Barding Armor
33:37 Paladin
40:19 Caravan
46:46 Conscription
49:27 Fletching
51:55 Ballistics
56:15 Light Cavalry
58:03 Hussar
64:00 Bodkin Arrow
MyGO.Soyo
0:29 Loom
13:49 Feudal Age
15:32 Wheelbarrow
18:22 Castle Age
16:32 Double-Bit Axe
16:39 Horse Collar
19:17 Bow Saw
19:10 Heavy Plow
24:00 Fervor
24:17 Hand Cart
31:03 Caravan
34:33 Imperial Age
32:30 Gold Mining
32:31 Stone Mining
33:02 Fortified Wall
34:23 Gold Shaft Mining
33:19 Pikeman
34:00 Squires
34:54 Scale Mail Armor
35:06 Forging
34:35 Capped Ram
35:25 Heavy Scorpion
35:41 Halberdier
37:01 Chain Mail Armor
38:00 Chemistry
37:21 Ballistics
38:18 Ballistas
38:34 Conscription
38:50 Siege Ram
40:30 Onager
42:53 Siege Engineers
43:01 Masonry
52:10 Man-at-Arms
53:36 Long Swordsman
57:43 Legionary
61:40 Architecture
62:32 Comitatenses
62:50 Iron Casting
64:36 Blast Furnace
重案组之虎曹达华JESSEJAMES
0:56 Loom
12:58 Feudal Age
16:32 Castle Age
15:19 Double-Bit Axe
16:39 Horse Collar
17:27 Heavy Plow
21:00 Bow Saw
27:03 Gold Mining
28:35 Wheelbarrow
29:14 Gold Shaft Mining
32:55 Imperial Age
33:21 Hand Cart
32:58 Fletching
34:45 Chemistry
33:38 Pikeman
34:05 Arson
34:56 Ballistics
34:59 Halberdier
35:35 Bodkin Arrow
35:42 Scale Mail Armor
36:04 Conscription
35:24 Heavy Scorpion
37:11 Bracer
37:18 Double Crossbow
39:46 Chain Mail Armor
39:42 Forging
41:27 Coinage
45:22 Banking
45:37 Stone Mining
51:53 Capped Ram
56:59 Caravan
Connection lost

Rejoining the realm…

Still unreachable

The connection could not be restored.

Session expired

The server has moved on; the page needs a fresh start.